 Dungeon Crawl Stone Soup version 0.22-a0-515-g75794bf (webtiles) character file.

134 Amnesiac the Cutter (level 4, -1/23 HPs)
             Began as a Spriggan Berserker on June 19, 2018.
             Was an Initiate of Gozag.
             Slain by a black bear (4 damage)
             ... created by the rage of Trog
             ... on level 3 of the Dungeon.
             The game lasted 00:04:54 (2489 turns).

Amnesiac the Cutter (Spriggan Berserker)            Turns: 2489, Time: 00:04:55

Health: -1/23      AC:  2    Str: 11 (14) XL:     4   Next: 95%
Magic:  5/5        EV: 25    Int:  8      God:    Gozag
Gold:   323        SH:  0    Dex: 20      Spells: 3/3 levels left

rFire    . . .     SeeInvis +   l - +2 hunting sling (velocity)
rCold    . . .     Gourm    .   (shield restricted)
rNeg     . . .     Faith    .   b - +0 animal skin
rPois    .         Spirit   .   (helmet restricted)
rElec    .         Reflect  .   (no cloak)
rCorr    .         Harm     .   (gloves unavailable)
MR       .....                  (boots unavailable)
Stlth    +++.......             (no amulet)
HPRegen  0.07/turn              (no ring)
MPRegen  0.09/turn              (no ring)

@: agile, about to teleport, flying, hasted, very quick
A: very small, unfitting armour, see invisible, herbivore, speed 3, slow
metabolism 2
a: Potion Petition, Call Merchant, Bribe Branch, Renounce Religion


You were on level 3 of the Dungeon.
You worshipped Gozag.
Gozag was aware of your devotion.
You were not hungry.

You visited 1 branch of the dungeon, and saw 4 of its levels.

You collected 340 gold pieces.
You paid 17 gold pieces to Gozag.

Inventory:

Hand Weapons
 a - a +0 short sword
 l - a +2 hunting sling of velocity (weapon)
Missiles
 m - 10 sling bullets (quivered)
 p - 73 stones
Armour
 b - a +0 animal skin (worn)
Scrolls
 e - 2 scrolls of identify {!r}
 j - a scroll of blinking {!r, unknown}
 k - a scroll of immolation {!r, unknown}
 r - a scroll of remove curse {!r}
 s - a scroll of amnesia {!r, unknown}
 t - a scroll of enchant armour {!r, unknown}
Potions
 d - a potion of agility {!q, unknown}
 f - a potion of haste {!q, unknown}
 g - a potion of flight {!q, unknown}
 i - 2 potions of might {!q, unknown}
 o - a potion of berserk rage {!q, unknown}
 q - a potion of ambrosia {!q, unknown}
 u - 2 potions of lignification {!q, unknown}
 v - a potion of curing {!q}
Comestibles
 c - 8 rations


   Skills:
 - Level 2.4 Fighting
 - Level 6.0 Short Blades
 + Level 1.6 Slings
 - Level 4.4 Dodging


You had 3 spell levels left.
You didn't know any spells.
Your spell library was empty.

Dungeon Overview and Level Annotations

Branches:
Dungeon (4/15)
 Temple: D:4-7

Altars:
Gozag
Yredelemnul

Shops:
D:4 *


Innate Abilities, Weirdness & Mutations

You are very small and have problems with some larger weapons.
You are too small for most types of armour.
You have supernaturally acute eyesight. (SInv)
You are a herbivore.
You cover ground extremely quickly.
You need to consume almost no food.


Message History

Done exploring.
No target in view!
Done exploring.
Done exploring.
Done exploring.
There is a shaft here.
There is a stone staircase leading up here.
You climb upwards.
There is a stone staircase leading down here.
Done exploring.
Done exploring.
You climb downwards.
There is a stone staircase leading up here.
Trog sends monsters to punish you. 2 polar bears and 2 black bears come into view.
You can't go down here!
Unknown command.
Really read
e - 3 scrolls labeled EMAUGEERIH {!r}?
As you read the scroll labeled EMAUGEERIH {!r}, it crumbles to dust.
It is a scroll of identify.
v - a potion of curing {!q} [a] - 0 gold - haste, agility and flight [b] - 0 gold - resistance, flight, haste and agility [c] - 0 gold - might, agility and brilliance Purchase which effect?
You feel yourself speed up.
You feel agile all of a sudden.
You feel very buoyant.
You fly up into the air.
The black bear completely misses you. x2
The black bear claws you. The polar bear closely misses you.
The polar bear completely misses you. The polar bear claws you.
The black bear rages.
Really read
r - 2 scrolls labeled ZUB XUGAGGOUL {!r}?
As you read the scroll labeled ZUB XUGAGGOUL {!r}, it crumbles to dust.
You feel blessed for a moment.
It was a scroll of remove curse {!r}.
The black bear closely misses you. The black bear barely misses you.
The black bear misses you. The polar bear bites you. The polar bear misses you.
The polar bear completely misses you.
Really read
h - a scroll labeled DUDAYH CO XUE {!r}?
As you read the scroll labeled DUDAYH CO XUE {!r}, it crumbles to dust.
It is a scroll of enchant weapon.
Your +1 hunting sling of velocity glows red for a moment.
The black bear bites you! The black bear closely misses you.
The black bear claws you.
* * * LOW HITPOINT WARNING * * *
The polar bear closely misses you. The polar bear claws you.
* * * LOW HITPOINT WARNING * * *
The polar bear completely misses you.
Okay, then.
Really read
w - a scroll labeled JYFEWU MOGAZ {!r}?
As you read the scroll labeled JYFEWU MOGAZ {!r}, it crumbles to dust.
The scroll dissolves into smoke.
It was a scroll of fog {!r}.
The black bear bites you.
* * * LOW HITPOINT WARNING * * *
The black bear completely misses you. The black bear barely misses you.
The polar bear completely misses you. The polar bear misses you. x2
Really read
s - a scroll labeled ANWIRAILAC {!r}?
Okay, then.
Really read
n - a scroll labeled XOOTUX FATOFY {!r}?
As you read the scroll labeled XOOTUX FATOFY {!r}, it crumbles to dust.
You feel strangely unstable.
It was a scroll of teleportation {!r}.
The black bear misses you. The black bear closely misses you.
The black bear claws you.
You die...
Your body crumbles into a pile of gold.

#...........# #.#########.# #.#
#.# #.# #^# #####.##
###<################
#.....[######..............).##.
#.............#h############....
#.###.....##.##h# #.###
##.###.###.##.##@# #.#
#...##.###.##.##h######## #.#
.#.#..........##h##.....# #.#
#...##.#......##>##.###.# #.#
##.###...........##.# #.# #.#
#.#####......#####.# #.# #.#
##............#####.# #.# #.#
...#######.##.......# #.# #.#
#### ##....####### #.# #.#


You could see 2 polar bears and 2 black bears.

Vanquished Creatures
  Terence (D:2)
  2 adders (D:3)
  An ooze (D:1)
  A worm (D:2)
  3 dart slugs
  4 leopard geckos
  An orc (D:3)
  4 giant cockroaches
  10 goblins
  4 hobgoblins
  3 jackals (D:1)
  13 kobolds
  A quokka (D:2)
  10 bats
  7 frilled lizards
  9 rats
74 creatures vanquished.

Notes
Turn   | Place    | Note
-------+----------+-------------------------------------------
     0 | D:1      | Amnesiac the Spriggan Berserker began the quest for the Orb.
     0 | D:1      | Reached XP level 1. HP: 11/11 MP: 2/2
    57 | D:1      | Reached XP level 2. HP: 16/16 MP: 3/3
   128 | D:1      | Reached skill level 4 in Short Blades
   371 | D:1      | Reached ** piety under Trog
   473 | D:1      | Reached XP level 3. HP: 12/19 MP: 4/4
   914 | D:2      | Noticed Terence
   926 | D:2      | Killed Terence
   926 | D:2      | Reached skill level 5 in Short Blades
  1053 | D:2      | Reached XP level 4. HP: 22/23 MP: 5/5
  1429 | D:2      | Found an opulent altar of Gozag.
  1444 | D:2      | Fell from the grace of Trog
  1444 | D:2      | Became a worshipper of Gozag Ym Sagoz the Greedy
  1708 | D:3      | Reached skill level 6 in Short Blades
  1980 | D:3      | Reached skill level 1 in Slings
  1996 | D:3      | Found a basalt altar of Yredelemnul.
  2100 | D:3      | You fall through a shaft!
  2100 | D:4      | Found an opulent altar of Gozag.
  2100 | D:4      | Found Gozag's Platinum Reserve.
  2484 | D:3      | Noticed a black bear
  2484 | D:3      | Noticed a polar bear
  2484 | D:3      | Noticed a polar bear
  2484 | D:3      | Noticed a black bear
  2489 | D:3      | Slain by a black bear

Vault maps used:
D:1:      lemuel_arrival_hallway
D:2:      nicolae_overflow_crystal_walls, first_ration, uniq_terence
D:3:      nicolae_overflow_hidden_temple
D:4:      ashenzari_conservatory_becter, kennysheep_mini,
          minmay_temple_entry_overgrown, serial_shops, nicolae_shop_waterfront,
          nicolae_shop_crystal, shop_fountains, shop,
          nicolae_gozag_zags_fifth_avenue, uniq_robin

Skill      XL: |  1  2  3  4 |
---------------+-------------+-----
Short Blades   | 4 5 6 |  6.0
Slings         | 1 |  1.6
Fighting       | |  2.4
Dodging        | |  4.4

Action                   |  1- 3 |  4- 6 || total
-------------------------+-------+-------++-------
Melee: Short sword       |   118 |       ||   118
 Fire: Hunting sling     |     3 |    97 ||   100
Invok: Berserk           |     1 |       ||     1
       Potion Petition   |       |     1 ||     1
  Use: Scroll            |       |     5 ||     5
 Stab: Sleeping          |     3 |       ||     3
Armor: Animal skin       |     5 |     8 ||    13
Dodge: Dodged            |    66 |    49 ||   115

Table legend:
 A = Spawn XP
 B = Non-spawn XP
 C = Spawn XP percentage of total XP
 D = Spawn monster count
 E = Non-spawn monster count
 F = Spawn count percentage of total count
 G = Total turns spent on level
                    A         B        C        D         E        F      G
               +---------+---------+-------+---------+---------+-------+---------
         Total |       0 |     192 |   0.0 |       0 |      74 |   0.0 |  2489
               +---------+---------+-------+---------+---------+-------+---------
           D:1 |       0 |      57 |   0.0 |       0 |      29 |   0.0 |   960
           D:2 |       0 |      69 |   0.0 |       0 |      22 |   0.0 |   685
           D:3 |       0 |      65 |   0.0 |       0 |      22 |   0.0 |   753
           D:4 |       0 |       1 |   0.0 |       0 |       1 |   0.0 |    91
               +---------+---------+-------+---------+---------+-------+---------
